AoeStats
← King PbZER4

Arena

507570687Analyzed
1v1 RM · 13d ago on Sep 18, 2026· 38m 14s· 2 players
Game mode
Random Map
Map size
Tiny (2 player)
Population
200
Speed
Normal
Resources
Standard
Victory
Conquest
Starting age
Dark Age
Ending age
Imperial Age
RankedLock teamsTeams togetherTeam positionsShared explorationLock speedFull tech treeHidden civsTurbo modeCheats
Victory
Defeat
🇹🇼 Burgundians · Taiwan
1217
+14
🇦🇷 Britons · Argentina
1174
-14
King PbZER4
10:40 Feudal Age
14:37 Castle Age
13:19 Double-Bit Axe
16:21 Wheelbarrow
16:07 Bow Saw
19:38 Horse Collar
21:43 Loom
24:38 Gold Mining
26:22 Heavy Plow
27:36 Hand Cart
27:40 Padded Archer Armor
27:30 Fletching
31:11 Imperial Age
28:56 Scale Mail Armor
29:07 Forging
29:28 Town Watch
29:18 Pikeman
29:44 Gambesons
29:59 Squires
30:01 Bodkin Arrow
32:26 Chain Mail Armor
32:46 Iron Casting
33:39 Crossbowman
34:22 Bracer
34:45 Ballistics
38:31 Leather Archer Armor
Feather
3:34 Double-Bit Axe
6:53 Horse Collar
11:01 Feudal Age
14:58 Castle Age
13:41 Bow Saw
15:01 Light Cavalry
20:30 Wheelbarrow
21:34 Stone Mining
22:55 Gold Mining
27:18 Imperial Age
24:37 Town Watch
25:12 Hand Cart
26:11 Treadmill Crane
27:21 Forging
27:58 Loom
28:53 Iron Casting
28:19 Scale Mail Armor
29:25 Chemistry
29:23 Chain Mail Armor
30:35 Blast Furnace
29:25 Capped Ram
32:12 Cavalier
32:52 Husbandry
34:13 Fletching
35:10 Conscription
35:50 Bodkin Arrow
36:00 Elite Skirmisher
37:23 Bracer
Connection lost

Rejoining the realm…

Still unreachable

The connection could not be restored.

Session expired

The server has moved on; the page needs a fresh start.